 Dungeon Crawl Stone Soup version 0.23.0-41-g86b089e62c (webtiles) character file.

Game seed: 0

156 1994 the Magician (level 5, 0/28 HPs)
             Began as a Deep Elf Wizard on Feb 28, 2019.
             Slain by Sigmund
             ... wielding a +0 scythe
              (8 damage)
             ... on level 3 of the Dungeon.
             The game lasted 00:12:33 (3176 turns).

1994 the Magician (Deep Elf Wizard)                 Turns: 3176, Time: 00:12:34

Health: 0/28       AC:  3    Str:  4    XL:     5   Next: 14%
Magic:  6/15       EV: 14    Int: 24    God:
Gold:   79         SH:  0    Dex: 13    Spells: 9/15 levels left

rFire    . . .     SeeInvis .   q - +0 quarterstaff
rCold    . . .     Gourm    .   (shield currently unavailable)
rNeg     . . .     Faith    .   a - +0 robe
rPois    .         Spirit   .   b - +0 hat
rElec    .         Reflect  .   r - +0 cloak
rCorr    .         Harm     .   (no gloves)
MR       .....                  (no boots)
Stlth    ++........             (no amulet)
HPRegen  0.09/turn              (no ring)
MPRegen  0.14/turn              (no ring)

@: no status effects
A: no striking features
a: no special abilities


You were on level 3 of the Dungeon.
You were not hungry.

You visited 1 branch of the dungeon, and saw 3 of its levels.

You collected 79 gold pieces.

Inventory:

Hand Weapons
 q - a +0 quarterstaff (weapon)
Armour
 a - a +0 robe (worn)
 b - a +0 hat (worn)
 r - a +0 cloak (worn)
Scrolls
 e - 3 scrolls of teleportation {unknown}
 g - 2 scrolls of enchant armour {unknown}
 h - 2 scrolls of enchant weapon {unknown}
 l - 2 scrolls of amnesia {unknown}
 m - a scroll of immolation {unknown}
 p - a scroll of identify {unknown}
Potions
 c - a potion of degeneration {unknown}
 i - a potion of berserk rage {unknown}
 j - a potion of resistance {unknown}
 k - 2 potions of curing {unknown}
 n - a potion of agility {unknown}
 o - 3 potions of haste {unknown}
 s - a potion of invisibility {unknown}
Comestibles
 d - 2 rations
 f - 5 chunks of flesh


   Skills:
 + Level 4.0 Dodging
 - Level 2.4 Stealth
 + Level 5.7 Spellcasting
 + Level 3.6 Conjurations
   Level 1.1 Summonings
 - Level 1.1 Translocations


You had 9 spell levels left.
You knew the following spells:

 Your Spells              Type           Power        Failure   Level  Hunger
a - Magic Dart            Conj           ###.         1%          1    None
b - Blink                 Tloc           N/A          8%          2    None
c - Conjure Flame         Conj/Fire      ###.....     12%         3    #......

Your spell library contained the following spells:

 Spells                   Type           Power        Failure   Level  Hunger
 Call Imp                 Summ           ##......     8%          2    None
 Slow                     Hex            #.......     12%         2    None
 Mephitic Cloud           Conj/Pois/Air  ##......     16%         3    #......


Dungeon Overview and Level Annotations

Branches:
Dungeon (3/15)

Altars:
Makhleb

Annotations:
D:3 Sigmund


Message History

Sigmund is severely wounded.
Sigmund casts a spell.
Sigmund flickers and vanishes!
Deactivating autopickup; reactivate with Ctrl-A.
Casting: Magic Dart (safe; 1% risk of failure)
Confirm with . or Enter, or press ? or * to list all spells.
You can't see any susceptible monsters within range! (Use Z to cast anyway.)
Something hits you!
* * * LOW HITPOINT WARNING * * *
Casting: Magic Dart (safe; 1% risk of failure)
Confirm with . or Enter, or press ? or * to list all spells.
Aiming: Magic Dart (safe; 1% risk of failure)
Press: ? - help, Shift-Dir - straight line The magic dart hits something.
Casting: Magic Dart (safe; 1% risk of failure)
Confirm with . or Enter, or press ? or * to list all spells.
Aiming: Magic Dart (safe; 1% risk of failure)
Press: ? - help, Shift-Dir - straight line The magic dart hits something.
Something hits you!
You die...

####.#
#.##########
####..........####
.................#
.############.##.#
.# #รท# .# #.####
.# #....# .#
####@# .# #.# .#
#{# .# #.# #.# ..#
..# ..#


There were no monsters in sight!

Vanquished Creatures
  Natasha (D:3)
  5 adders
  3 worms (D:2)
  A dart slug (D:3)
  A leopard gecko (D:3)
  4 orcs (D:2)
  5 giant cockroaches
  4 goblins
  5 hobgoblins
  16 jackals
  A ball python (D:2)
  7 bats
  6 frilled lizards
  4 kobolds
  10 rats
73 creatures vanquished.

Vanquished Creatures (others)
  A plant (D:2)
1 creature vanquished.

Grand Total: 74 creatures vanquished

Notes
Turn   | Place    | Note
-------+----------+-------------------------------------------
     0 | D:1      | 1994 the Deep Elf Wizard began the quest for the Orb.
     0 | D:1      | Reached XP level 1. HP: 10/10 MP: 7/7
   200 | D:1      | Reached XP level 2. HP: 15/15 MP: 6/9
   431 | D:2      | Learned a level 2 spell: Blink
   702 | D:2      | Reached XP level 3. HP: 16/19 MP: 3/11
   747 | D:2      | Learned a level 3 spell: Conjure Flame
   898 | D:2      | Reached skill level 5 in Spellcasting
   924 | D:2      | Found a burning altar of Makhleb.
   924 | D:2      | Noticed an Executioner
   928 | D:2      | Noticed a smoke demon
   928 | D:2      | Noticed a smoke demon
  1481 | D:2      | Reached XP level 4. HP: 24/24 MP: 8/13
  3094 | D:3      | Noticed Natasha
  3098 | D:3      | Killed Natasha
  3098 | D:3      | Reached XP level 5. HP: 28/28 MP: 10/15
  3165 | D:3      | Noticed Sigmund
  3176 | D:3      | Slain by Sigmund

Skill      XL: |  1  2  3  4 |
---------------+-------------+-----
Conjurations   | 2 3 |  3.6
Dodging        | 3 4 |  4.0
Spellcasting   | 5 |  5.7
Stealth        | |  2.4
Summonings     | |  1.1
Translocations | |  1.1

Action                   |  1- 3 |  4- 6 || total
-------------------------+-------+-------++-------
Melee: Unarmed           |     1 |       ||     1
       Quarterstaff      |       |    11 ||    11
 Cast: Magic Dart        |   112 |    93 ||   205
       Blink             |     1 |     5 ||     6
       Conjure Flame     |       |     1 ||     1
  Eat: Chunk             |     2 |     5 ||     7
Armor: Robe              |     1 |     8 ||     9
Dodge: Dodged            |    11 |    25 ||    36
